 Dungeon Crawl Stone Soup version 0.31.0 (webtiles) character file.

Game seed: 6801705574039269985

2084 qw the Skirmisher (level 9, -10/56 HPs)
             Began as a Gargoyle Hunter on Jan 19, 2024.
             Was an Initiate of Okawaru.
             Killed by divine providence
             ... invoked by Jeremiah
              (15 damage)
             ... on level 6 of the Dungeon.
             The game lasted 00:00:31 (5113 turns).

qw the Skirmisher (Gargoyle Hunter)                 Turns: 5113, Time: 00:00:31

Health: -10/56     AC: 13    Str: 15    XL:     9   Next: 27%
Magic:  11/12      EV: 18    Int: 10    God:    Okawaru [......]
Gold:   245        SH:  0    Dex: 23    Spells: 8/8 levels left

rFire   + . .        a - +3 shortbow (flame)
rCold   . . .        (shield currently unavailable)
rNeg    + . .        o - +2 robe {rF+}
rPois   inf          (helmet restricted)
rElec   +            (no cloak)
rCorr   .            k - +0 pair of gloves
SInv    .            l - +0 pair of boots
Will    .....        (no amulet)
Stlth   ++++         f - +6 ring of dexterity
HPRegen 0.29/turn    (no ring)
MPRegen 0.13/turn

%: no passive effects
@: heroic
A: sickness immunity, AC +6, negative energy resistance 1, electricity
resistance, torment resistance 1, petrification resistance, antennae 1, wild
magic 1
a: Renounce Religion


You were on level 6 of the Dungeon.
You worshipped Okawaru.
Okawaru was noncommittal.
You visited 2 branches of the dungeon, and saw 7 of its levels.
You also visited: Sewer.

You collected 509 gold pieces.
You spent 264 gold pieces at shops.


Innate Abilities, Weirdness & Mutations

You are immune to sickness and miasma.
Your stone body is resilient. (AC +6)
You are immune to poison.
You resist negative energy. (rN+)
You are resistant to electric shocks. (rElec)
You are resistant to unholy torment.
You are immune to petrification.
You have a pair of small antennae on your head.
Your spells are a little harder to cast, but a little more powerful.


   Skills:
 - Level 6.6(11.6) Fighting
 + Level 9.9(14.9) Ranged Weapons
 - Level 1.0(6.0) Armour
 - Level 3.0(8.0) Dodging
 - Level 1.1(6.1) Stealth
 - Level 4.1 Invocations


You had 8 spell levels left.
You didn't know any spells.
Your spell library was empty.

Inventory:

Hand Weapons
 a - a +3 shortbow of flaming (weapon)
Armour
 k - a +0 pair of gloves (worn)
 l - a +0 pair of boots (worn)
 o - a +2 robe of fire resistance (worn)
Jewellery
 f - a +6 ring of dexterity (left hand)
Wands
 m - a wand of iceblast (5)
Scrolls
 j - a scroll of identify
Potions
 b - 2 potions of might
 c - a potion of mutation
 d - 7 potions of curing
 g - 5 potions of haste
 h - a potion of cancellation
 i - a potion of resistance
 p - a potion of invisibility

Dungeon Overview and Level Annotations

Branches:
Dungeon (6/15)             Temple (1/1) D:4           Sewer (visited)

Altars:
Ashenzari
Cheibriados
Dithmenos
Elyvilon
Fedhas
Gozag
Hepliaklqana
Kikubaaqudgha
Makhleb
Nemelex Xobeh
Okawaru
Qazlal
Ru
Sif Muna
Trog
Uskayaw
Vehumet
Wu Jian
Xom
Yredelemnul
Zin
The Shining One

Shops:
D:6 ?*

Annotations:
D:6 2 runed translucent doors, Jeremiah


Message History

The butterfly disappears in a burst of colours! x3
Jeremiah hits you but does no damage.
5090 ||| READING 2 scrolls of identify.
5090 ||| IDENTIFYING fizzy orange potion
As you read the scroll of identify, it crumbles to dust.
p - a potion of invisibility Jeremiah hits you but does no damage.
Jeremiah hits you from afar with a +3 trident of draining!
Jeremiah hits you from afar with a +3 trident of draining.
The butterfly disappears in a burst of colours!
Jeremiah hits you from afar with a +3 trident of draining.
Jeremiah says, "Oh, this is an awfully strange dream."
Jeremiah hits you from afar with a +3 trident of draining.
Jeremiah closely misses you.
The butterfly disappears in a burst of colours!
Jeremiah hits you from afar with a +3 trident of draining.
The butterfly disappears in a burst of colours!
Jeremiah hits you from afar with a +3 trident of draining.
The butterfly disappears in a burst of colours!
Jeremiah hits you from afar with a +3 trident of draining.
Jeremiah hits you but does no damage. Jeremiah barely misses you.
5101 ||| DROPPING potion of attraction.
You drop a potion of attraction.
Jeremiah hops!
You shoot an arrow. The arrow hits Jeremiah!
The arrow burns Jeremiah.
Jeremiah is heavily wounded.
You feel like a meek peon again.
5103 ||| INVOKING Heroism.
You gain the combat prowess of a mighty hero.
You can no longer gain great but temporary skills.
The butterfly disappears in a burst of colours! x2
The butterfly disappears in a burst of colours!
The butterfly disappears in a burst of colours!
Jeremiah mumbles a slurred invocation.
Something smites you!
The butterfly disappears in a burst of colours!
Jeremiah throws their arms up pleadingly.
Something smites you!
You die...
Jeremiah wails, "I didn't mean to kill anyone!
I'm not a murderer!"

#######..)(...##........#
.......))#######..#.....######
###..###.#### #b.#.....#....#
....####.#..# #bb#.....#[...#
#######..#..# #bF#######....#
#...#...# #bb.# #...[#
####.....#.# #b#{### #....#
##.....####.# #.#...# #....#
#...#### #<## #@###.# #....#
....# #..###.# #.####.####
.#### ##..##)# #......# .#
##..#)# ####..## .# ##.#.#
#..## .# #.#)# #..# ## #.#.#
###..## ## #.#.# #.....# b#
#.#.# #####.#


You could see Jeremiah.

Vanquished Creatures
  Sigmund (D:5)
  Eustachio (D:6)
  Duvessa (D:5)
  A black bear (D:6)
  2 ice beasts
  A crocodile (Sewer)
  An ogre (D:3)
  2 phantoms
  2 kobold brigands
  A bullfrog (D:6)
  3 scorpions
  Dowan (D:5)
  4 jellies
  An orc priest (D:6)
  A hound (D:6)
  A gnoll bouda (D:6)
  5 orc wizards
  2 sleepcaps (D:4)
  An iguana (D:6)
  7 adders
  3 gnolls (D:6)
  A shadow imp (D:6)
  4 ufetubi (D:6)
  A dart slug (D:4)
  A ribbon worm (Sewer)
  26 orcs
  4 bats
  6 endoplasms
  3 giant cockroaches
  3 hobgoblins
  8 jackals
  20 kobolds
  5 quokkas
  13 ball pythons
  2 frilled lizards (D:3)
  3 goblins
  3 rats
145 creatures vanquished.

Notes
Turn   | Place    | Note
-------+----------+-------------------------------------------
     0 | D:1      | qw the Gargoyle Hunter began the quest for the Orb.
     0 | D:1      | Reached XP level 1. HP: 12/12 MP: 1/1
     0 | D:1      | 0 ||| qw: Version: 0.3-a-132-g3d54051
     0 | D:1      | 0 ||| qw: Game counter: 128
     0 | D:1      | 0 ||| qw: Melee chars always use a shield: true
     0 | D:1      | 0 ||| qw: God list: Okawaru
     0 | D:1      | 0 ||| qw: Allow faded altars: false
     0 | D:1      | 0 ||| qw: Do Orc after clearing Dungeon:15 true
     0 | D:1      | 0 ||| qw: Do second Lair branch before Depths: true
     0 | D:1      | 0 ||| qw: Lair rune preference: random
     0 | D:1      | 0 ||| qw: Goals: Normal
     0 | D:1      | 0 ||| PLANNING D:1-11
   163 | D:1      | Found a faded altar of an unknown god.
   208 | D:1      | Reached XP level 2. HP: 17/17 MP: 2/2
   436 | D:1      | 436 ||| UPGRADING to +0 ring mail.
   446 | D:1      | 446 ||| DROPPING +0 leather armour.
   447 | D:1      | 447 ||| UPGRADING to +6 ring of dexterity.
   448 | D:1      | 448 ||| DRINKING 2 sapphire potions.
   449 | D:1      | 449 ||| DROPPING scroll of butterflies.
   582 | D:2      | Reached skill level 1 in Armour
   593 | D:2      | 593 ||| FLEEEEING.
  1004 | D:2      | 1004 ||| READING scroll labelled BETILU VUEGY.
  1004 | D:2      | 1004 ||| IDENTIFYING lumpy yellow potion
  1005 | D:2      | 1005 ||| READING scroll labelled TAIPHE CUTUM.
  1005 | D:2      | 1005 ||| BRANDING +0 shortbow.
  1006 | D:2      | 1006 ||| DRINKING 2 metallic white potions.
  1007 | D:2      | 1007 ||| DROPPING potion of lignification.
  1048 | D:3      | 1048 ||| STAIRDANCE
  1050 | D:2      | 1050 ||| FLEEEEING.
  1083 | D:3      | Reached XP level 3. HP: 18/21 MP: 3/3
  1243 | D:3      | Noticed an ogre
  1252 | D:3      | Killed an ogre
  1253 | D:3      | Reached skill level 6 in Ranged Weapons
  1253 | D:3      | Reached XP level 4. HP: 26/26 MP: 4/4
  1253 | D:3      | Reached XP level 5. HP: 30/30 MP: 5/5
  1531 | D:3      | Reached skill level 3 in Fighting
  1538 | D:3      | 1538 ||| FLEEEEING.
  1539 | D:3      | 1539 ||| FLEEEEING.
  1544 | D:3      | 1544 ||| FLEEEEING.
  1545 | D:3      | 1545 ||| FLEEEEING.
  1546 | D:3      | 1546 ||| FLEEEEING.
  1547 | D:3      | 1547 ||| FLEEEEING.
  1548 | D:3      | 1548 ||| FLEEEEING.
  1549 | D:3      | 1549 ||| FLEEEEING.
  1550 | D:3      | 1550 ||| FLEEEEING.
  1551 | D:3      | 1551 ||| FLEEEEING.
  1553 | D:3      | 1553 ||| FLEEEEING.
  1554 | D:3      | 1554 ||| FLEEEEING.
  1555 | D:3      | 1555 ||| FLEEEEING.
  1556 | D:3      | 1556 ||| FLEEEEING.
  1557 | D:3      | 1557 ||| FLEEEEING.
  1558 | D:3      | 1558 ||| FLEEEEING.
  1559 | D:3      | 1559 ||| FLEEEEING.
  1560 | D:3      | 1560 ||| FLEEEEING.
  1561 | D:3      | 1561 ||| FLEEEEING.
  1562 | D:3      | 1562 ||| FLEEEEING.
  1780 | D:3      | Noticed a phantom
  1788 | D:3      | Killed a phantom
  1789 | D:3      | Reached XP level 6. HP: 33/39 MP: 6/6
  1818 | D:3      | 1818 ||| READING 3 scrolls of identify.
  1818 | D:3      | 1818 ||| IDENTIFYING fuming silvery potion
  1819 | D:3      | 1819 ||| READING 2 scrolls of identify.
  1819 | D:3      | 1819 ||| IDENTIFYING brown potion
  1820 | D:3      | 1820 ||| READING scroll of identify.
  1820 | D:3      | 1820 ||| IDENTIFYING 2 blue potions
  1821 | D:3      | 1821 ||| READING scroll labelled OSOS USO LAEK.
  1821 | D:3      | 1821 ||| ENCHANTING +0 shortbow of flaming.
  1822 | D:3      | 1822 ||| READING scroll labelled EDIEHOENIWE.
  1823 | D:3      | 1823 ||| READING scroll labelled PIULE ITZE.
  1824 | D:3      | 1824 ||| READING scroll labelled VUYX AGOOGE.
  1825 | D:3      | 1825 ||| READING scroll labelled ASTROXO ZINUUL.
  1826 | D:3      | 1826 ||| FLEEEEING.
  1830 | D:3      | 1830 ||| READING scroll labelled VOEC TEFODWORU.
  1831 | D:3      | 1831 ||| DROPPING 2 potions of brilliance.
  1849 | D:4      | 1849 ||| PLANNING SEWER
  1888 | D:4      | 1888 ||| Stepping randomly (disturbance).
  1889 | D:4      | 1889 ||| Stepping randomly (disturbance).
  1890 | D:4      | 1890 ||| Stepping randomly (disturbance).
  1891 | D:4      | 1891 ||| Stepping randomly (disturbance).
  1892 | D:4      | 1892 ||| Stepping randomly (disturbance).
  1900 | D:4      | 1900 ||| FLEEEEING.
  1911 | D:4      | 1911 ||| FLEEEEING.
  1922 | D:4      | 1922 ||| FLEEEEING.
  1925 | D:4      | 1925 ||| STAIRDANCE
  2095 | D:4      | 2095 ||| FLEEEEING.
  2098 | D:4      | 2098 ||| STAIRDANCE
  2147 | D:3      | 2147 ||| READING scroll labelled AMUVATY TAEKOT.
  2192 | D:4      | 2192 ||| FLEEEEING.
  2203 | D:4      | 2203 ||| FLEEEEING.
  2204 | D:4      | 2204 ||| STAIRDANCE
  2214 | D:3      | 2214 ||| FLEEEEING.
  2225 | D:3      | 2225 ||| FLEEEEING.
  2335 | D:4      | Found a glowing drain.
  2348 | D:4      | Reached XP level 7. HP: 44/44 MP: 7/7
  2383 | Sewer    | Entered a sewer
  2503 | Sewer    | Reached skill level 7 in Ranged Weapons
  2732 | Sewer    | 2732 ||| READING scroll of identify.
  2732 | Sewer    | 2732 ||| IDENTIFYING black potion
  2733 | Sewer    | 2733 ||| DRINKING 2 yellow potions.
  2733 | Sewer    | Gained mutation: You have a pair of small antennae on your
                  | head. [potion of mutation]
  2733 | Sewer    | Gained mutation: Your spells are a little harder to cast,
                  | but a little more powerful. [potion of mutation]
  2766 | D:4      | 2766 ||| PLANNING D:1-11
  2901 | D:4      | 2901 ||| FLEEEEING.
  3230 | D:4      | Found a staircase to the Ecumenical Temple.
  3231 | D:4      | 3231 ||| PLANNING TEMPLE
  3238 | Temple   | Entered the Ecumenical Temple
  3239 | Temple   | 3239 ||| PLANNING OKAWARU WORSHIP
  3249 | Temple   | Became a worshipper of Warmaster Okawaru
  3250 | Temple   | 3250 ||| PLANNING D:1-11
  3382 | D:5      | Entered Level 5 of the Dungeon
  3446 | D:5      | Reached skill level 8 in Ranged Weapons
  3463 | D:5      | Reached XP level 8. HP: 49/49 MP: 8/8
  3512 | D:5      | Reached skill level 9 in Ranged Weapons
  3563 | D:5      | Noticed Dowan
  3564 | D:5      | Noticed Duvessa
  3565 | D:5      | Killed Dowan
  3565 | D:5      | Reached * piety under Okawaru
  3567 | D:5      | 3567 ||| ZAPPING wand of iceblast (6) at -2,-2 (Duvessa;
                  | floor).
  3572 | D:5      | Killed Duvessa
  3573 | D:5      | Reached skill level 1 in Invocations
  3573 | D:5      | 3573 ||| FLEEEEING.
  4076 | D:5      | Noticed Sigmund
  4077 | D:5      | 4077 ||| INVOKING Heroism.
  4079 | D:5      | 4079 ||| DRINKING 6 potions of curing.
  4079 | D:5      | 4079 ||| (to cure confusion)
  4081 | D:5      | Killed Sigmund
  4082 | D:5      | Reached skill level 6 in Fighting
  4141 | D:5      | 4141 ||| UPGRADING to +0 pair of gloves.
  4146 | D:5      | 4146 ||| UPGRADING to +0 pair of boots.
  4151 | D:5      | 4151 ||| UPGRADING to +2 robe of fire resistance.
  4161 | D:5      | 4161 ||| DROPPING +0 ring mail.
  4162 | D:5      | 4162 ||| READING scroll of identify.
  4162 | D:5      | 4162 ||| IDENTIFYING red potion
  4163 | D:5      | 4163 ||| READING scroll labelled NAIL KARUEBEIRIOZ.
  4163 | D:5      | 4163 ||| ENCHANTING +0 shortbow of flaming.
  4164 | D:5      | 4164 ||| DROPPING potion of ambrosia.
  4188 | D:6      | Found Vulut's Magic Scroll Boutique.
  4202 | D:6      | 4202 ||| BUYING scroll of enchant weapon (112 gold).
  4202 | D:6      | Bought a scroll of enchant weapon for 112 gold pieces
  4202 | D:6      | 4202 ||| BUYING scroll of identify (30 gold).
  4202 | D:6      | Bought a scroll of identify for 30 gold pieces
  4202 | D:6      | 4202 ||| BUYING scroll of teleportation (45 gold).
  4202 | D:6      | Bought a scroll of teleportation for 45 gold pieces
  4202 | D:6      | 4202 ||| READING scroll of enchant weapon.
  4202 | D:6      | 4202 ||| ENCHANTING +1 shortbow of flaming.
  4260 | D:6      | 4260 ||| RETREEEEATING.
  4286 | D:6      | 4286 ||| FLEEEEING.
  4287 | D:6      | 4287 ||| FLEEEEING.
  4288 | D:6      | 4288 ||| FLEEEEING.
  4289 | D:6      | 4289 ||| STAIRDANCE
  4340 | D:6      | Reached skill level 3 in Dodging
  4340 | D:6      | Reached skill level 3 in Invocations
  4340 | D:6      | 4340 ||| STAIRDANCE
  4342 | D:5      | 4342 ||| FLEEEEING.
  4429 | D:6      | Reached XP level 9. HP: 52/56 MP: 11/11
  4460 | D:6      | 4460 ||| FLEEEEING.
  4466 | D:6      | 4466 ||| FLEEEEING.
  4467 | D:6      | 4467 ||| FLEEEEING.
  4475 | D:6      | 4475 ||| FLEEEEING.
  4476 | D:6      | 4476 ||| FLEEEEING.
  4477 | D:6      | 4477 ||| FLEEEEING.
  4478 | D:6      | 4478 ||| FLEEEEING.
  4479 | D:6      | 4479 ||| FLEEEEING.
  4485 | D:6      | 4485 ||| STAIRDANCE
  4618 | D:6      | 4618 ||| READING scroll of enchant weapon.
  4618 | D:6      | 4618 ||| ENCHANTING +2 shortbow of flaming.
  4619 | D:6      | Noticed Eustachio
  4632 | D:6      | Killed Eustachio
  4662 | D:6      | Found a large runed translucent door.
  4662 | D:6      | Found a large runed translucent door.
  4663 | D:6      | Found a shimmering altar of Xom.
  4772 | D:6      | Found Ryoset's General Store.
  4785 | D:6      | 4785 ||| BUYING potion of curing (33 gold).
  4785 | D:6      | Bought a potion of curing for 33 gold pieces
  4785 | D:6      | 4785 ||| BUYING scroll of identify (22 gold).
  4785 | D:6      | Bought a scroll of identify for 22 gold pieces
  4785 | D:6      | 4785 ||| BUYING scroll of identify (22 gold).
  4785 | D:6      | Bought a scroll of identify for 22 gold pieces
  4862 | D:6      | Noticed Jeremiah
  4863 | D:6      | 4863 ||| INVOKING Heroism.
  4870 | D:6      | 4870 ||| FLEEEEING.
  4880 | D:6      | 4880 ||| READING 3 scrolls of identify.
  4880 | D:6      | 4880 ||| IDENTIFYING golden potion
  4881 | D:6      | 4881 ||| INVOKING Heroism.
  4882 | D:6      | HP: 11/56 [Jeremiah/divine providence (11)]
  4883 | D:6      | 4883 ||| READING scroll of teleportation.
  4899 | D:6      | 4899 ||| FLEEEEING.
  5078 | D:6      | 5078 ||| INVOKING Heroism.
  5090 | D:6      | 5090 ||| READING 2 scrolls of identify.
  5090 | D:6      | 5090 ||| IDENTIFYING fizzy orange potion
  5097 | D:6      | HP: 11/56 [Jeremiah/+3 trident of draining (6)]
  5101 | D:6      | 5101 ||| DROPPING potion of attraction.
  5103 | D:6      | 5103 ||| INVOKING Heroism.
  5109 | D:6      | HP: 4/56 [Jeremiah/divine providence (8)]
  5113 | D:6      | Killed from afar by Jeremiah

Levels and vault maps discovered:
D:1:      giann_horns, layout_rooms, nicolae_ecumenical_snake_handling
D:2:      layout_loops_ring
D:3:      minmay_evil_eye, layout_loops_ring, kennysheep_generic_room_8
D:4:      wander_river, layout_loops_cross,
          minmay_temple_entry_drinking_statues, gup_sewer_entry_glass,
          kennysheep_generic_room_14
D:5:      layout_basic, minivault_11, minmay_circle_x, uniq_duvessa,
          uniq_sigmund
D:6:      due_chaos_kobolds, layout_rooms, serial_shops, shop_coins,
          nicolae_stop_n_shop_2, uniq_jeremiah, uniq_eustachio
Temple:   nicolae_temple_bog_church

Skill      XL: |  1  2  3  4  5  6  7  8  9 |
---------------+----------------------------+-----
Armour         | 1 |  1.0
Ranged Weapons | 6 8 9 |  9.9
Fighting       | 4 5 6 |  6.6
Dodging        | 2 3 |  3.0
Invocations    | 3 4 |  4.1
Stealth        | |  1.1

Action                     |  1- 3 |  4- 6 |  7- 9 || total
---------------------------+-------+-------+-------++-------
  Melee: Shortbow          |       |     1 |       ||     1
   Fire: Shortbow          |    92 |   142 |   284 ||   518
 Invoke: Heroism           |       |       |     5 ||     5
  Evoke: Wand              |       |       |     1 ||     1
    Use: Scroll            |     2 |    10 |     8 ||    20
         Potion            |     2 |       |     2 ||     4
 Armour: Leather armour    |     2 |       |       ||     2
         Ring mail         |    26 |    69 |    56 ||   151
         Robe              |       |       |    64 ||    64
  Dodge: Dodged            |    37 |    29 |    84 ||   150

Table legend:
 A = Non-vault XP
 B = Vault XP
 C = Vault XP percentage of total XP
 D = Non-vault monster count
 E = Vault monster count
 F = Vault count percentage of total count
                 A         B        C        D         E       F
            +---------+---------+-------+---------+---------+-------
      Total |    1745 |    1233 |  41.4 |     104 |      41 |  28.3
            +---------+---------+-------+---------+---------+-------
        D:1 |      12 |       1 |   7.7 |       6 |       1 |  14.3
        D:2 |      17 |       0 |   0.0 |      10 |       0 |   0.0
        D:3 |     363 |       9 |   2.4 |      31 |       7 |  18.4
        D:4 |     274 |      32 |  10.5 |      26 |       5 |  16.1
        D:5 |     217 |     737 |  77.3 |       3 |       8 |  72.7
        D:6 |     862 |     185 |  17.7 |      28 |       1 |   3.4
      Sewer |       0 |     269 | 100.0 |       0 |      19 | 100.0
            +---------+---------+-------+---------+---------+-------
